 Dungeon Crawl Stone Soup version 0.29.1-13-g9f3cf754e1 (webtiles) character file.

Game seed: 16184614545325611966

5443 nightchill the Cleaver (level 10, -4/93 HPs)
             Began as a Minotaur Fighter on Feb 3, 2023.
             Was a Believer of the Shining One.
             Slain by an eight-headed hydra (13 damage)
             ... on level 9 of the Dungeon.
             The game lasted 00:12:39 (10331 turns).

nightchill the Cleaver (Minotaur Fighter)          Turns: 10331, Time: 00:12:40

Health: -4/93      AC:  9    Str: 25    XL:     10   Next: 41%
Magic:  11/14      EV: 10    Int:  5    God:    the Shining One [**....]
Gold:   582        SH: 13    Dex: 10    Spells: 9/9 levels left

rFire   + . .      SeeInvis .   E - +4 war axe
rCold   . . .      Faith    .   c - +0 buckler
rNeg    + . .      Spirit   .   m - +0 ring mail {rF+}
rPois   .          Reflect  .   (helmet restricted)
rElec   .          Harm     .   (no cloak)
rCorr   .          Rampage  .   (no gloves)
Will    .....                   (no boots)
Stlth   ..........              B - amulet of regeneration
HPRegen 1.05/turn               p - +4 ring of protection
MPRegen 0.14/turn               A - ring of flight

@: divinely shielded, flying, glowing
A: horns 2, retaliatory headbutt
a: Renounce Religion, Divine Shield


You were on level 9 of the Dungeon.
You worshipped the Shining One.
The Shining One was pleased with you.
You visited 1 branch of the dungeon, and saw 9 of its levels.

You collected 582 gold pieces.

Inventory:

Hand Weapons
 a - a +0 war axe
 b - a +1 rapier of venom
 D - a +2 morningstar of protection
 E - a +4 war axe (weapon)
Armour
 c - a +0 buckler (worn)
 j - a +0 scale mail
 m - a +0 ring mail of fire resistance (worn)
Jewellery
 p - a +4 ring of protection (left hand)
 s - a ring of ice
 A - a ring of flight (right hand)
 B - an amulet of regeneration (around neck)
Scrolls
 i - a scroll of magic mapping
 k - a scroll of vulnerability {unknown}
 l - a scroll of summoning {unknown}
 n - 2 scrolls of brand weapon {unknown}
 o - a scroll of fog
 r - 2 scrolls of immolation
 t - 4 scrolls of teleportation {unknown}
 u - 5 scrolls of identify {unknown}
 v - a scroll of noise {unknown}
 y - a scroll of enchant weapon {unknown}
 z - a scroll of blinking {unknown}
 C - a scroll of fear {unknown}
Potions
 d - a potion of invisibility {unknown}
 e - a potion of heal wounds
 f - 3 potions of curing {unknown}
 g - 2 potions of attraction {unknown}
 h - 2 potions of brilliance {unknown}
 q - 2 potions of lignification {unknown}
 w - a potion of flight {unknown}
 x - a potion of ambrosia {unknown}
 F - a potion of cancellation {unknown}
 G - a potion of mutation {unknown}


   Skills:
 + Level 10.2 Fighting
 * Level 13.4 Axes
 - Level 3.6 Armour
 - Level 3.6 Shields
 + Level 7.4 Invocations


You had 9 spell levels left.
You didn't know any spells.
Your spell library contained the following spells:

 Spells                   Type           Power      Damage    Failure   Level
 Blink                    Tloc           0%         N/A       85%         2
 Ensorcelled Hibernation  Hex/Ice        0%         N/A       85%         2
 Dazzling Flash           Conj/Hex       0%         N/A       97%         3
 Gell's Gravitas          Tloc           0%         N/A       97%         3
 Ignite Poison            Fire/Tmut/Pois 0%         N/A       97%         3
 Lesser Beckoning         Tloc           0%         N/A       97%         3
 Mephitic Cloud           Conj/Pois/Air  0%         N/A       97%         3
 Spider Form              Tmut/Pois      0%         N/A       97%         3
 Teleport Other           Tloc           0%         N/A       97%         3
 Anguish                  Hex/Necr       0%         N/A       100%        4
 Iskenderun's Mystic Bla  Conj/Tloc      0%         2d3       100%        4
 Freezing Cloud           Conj/Ice/Air   0%         6-21      100%        5
 Manifold Assault         Tloc           0%         N/A       100%        5
 Dispersal                Tloc           0%         N/A       100%        6
 Starburst                Conj/Fire      0%         6d3       100%        6
 Storm Form               Tmut/Air       0%         N/A       100%        7
 Disjunction              Tloc           0%         N/A       100%        8


Dungeon Overview and Level Annotations

Branches:
Dungeon (9/15)             Temple (0/1) D:4            Lair (0/5) D:8
    Orc: D:9-12

Altars:
Ashenzari
Cheibriados
Dithmenos
Gozag
Kikubaaqudgha
Nemelex Xobeh
Ru
Sif Muna
Trog
Uskayaw
Vehumet
Wu Jian
Yredelemnul
The Shining One

Shops:
D:3 [(!   D:4 =

Annotations:
D:5 3 runed translucent doors, Sapher's ghost, amateur MeEE; gargbit's ghost, amateur DsGl
D:8 1 runed translucent door, exclusion: door, Frank's ghost, novice OpFi


Innate Abilities, Weirdness & Mutations

You have a pair of horns on your head.
You reflexively headbutt those who attack you in melee.


Message History

The eight-headed hydra bites you.
You block the eight-headed hydra's attack. x3
The eight-headed hydra bites you but does no damage.
The four-headed hydra bites you.
The four-headed hydra closely misses you.
The four-headed hydra bites you! x2
The slime creature hits you but does no damage.
The eight-headed hydra attacks as you move away!
The eight-headed hydra barely misses you.
You block the eight-headed hydra's attack.
The eight-headed hydra bites you!
The eight-headed hydra bites you but does no damage. x3
You block the eight-headed hydra's attack.
The eight-headed hydra bites you!
* * * LOW HITPOINT WARNING * * *
The eight-headed hydra attacks as you move away!
You block the eight-headed hydra's attack. x2
The eight-headed hydra completely misses you.
The eight-headed hydra bites you but does no damage. x2
The eight-headed hydra bites you.
* * * LOW HITPOINT WARNING * * *
The eight-headed hydra bites you.
* * * LOW HITPOINT WARNING * * *
The eight-headed hydra bites you!
* * * LOW HITPOINT WARNING * * *
Two slime creatures merge to form a large slime creature.
You see here a +0 club.
Unknown command.
The eight-headed hydra attacks as you move away!
The eight-headed hydra bites you!
* * * LOW HITPOINT WARNING * * *
You block the eight-headed hydra's attack.
The eight-headed hydra bites you.
* * * LOW HITPOINT WARNING * * *
The eight-headed hydra closely misses you.
The eight-headed hydra bites you but does no damage.
The eight-headed hydra bites you!
* * * LOW HITPOINT WARNING * * *
The eight-headed hydra bites you!
You die...

.#.#.##.. ... ........####.###
.......#....... #.#....#c......
##### #.#....#....... ..... .#
#.>....JDDl8... #...# #.#
#...#.D#.cu.... #...# #.#
.#....D.#lD.....
#...####.##.##..@..#.......
...................####.####.#
###<......#.##...............###.
.....................#.#........
.....................#.##........
......#..รท......#.#..#.##....##..
#######.........#.#..#.##....##..
# #.................#........
#########.........#...)..........


You could see 2 eight-headed hydras, a four-headed hydra, a large slime creature
and a centaur warrior.

Vanquished Creatures
  An elephant (D:8)
  The ghost of gargbit the Slicer, a novice DsGl (D:6)
  A wyvern (D:8)
  A basilisk (D:8)
  2 steam dragons
  Menkaure (D:4)
  A water moccasin (D:7)
  4 orc warriors
  3 black bears
  3 ice beasts
  2 sky beasts
  4 ogres
  3 centaurs
  A phantom (D:6)
  2 kobold brigands
  5 bullfrogs
  4 necrophages
  A gnoll sergeant (D:6)
  A scorpion (D:4)
  4 wights (D:8)
  11 killer bees (D:9)
  3 jellies
  4 hounds
  4 orc priests
  A gnoll bouda (D:8)
  4 iguanas
  3 orc wizards
  A mummy (D:7)
  12 gnolls
  7 adders
  An ufetubus (D:4)
  3 worms
  2 dart slugs
  21 orcs
  3 endoplasms
  3 giant cockroaches
  5 goblins
  8 hobgoblins
  3 jackals (D:4)
  3 quokkas
  9 ball pythons
  4 bats
  6 frilled lizards
  14 kobolds
  6 rats
186 creatures vanquished.

Vanquished Creatures (others)
  A fungus (D:8)
  2 plants (D:8)
  5 toadstools (D:1)
  2 withered plants (D:6)
10 creatures vanquished.

Grand Total: 196 creatures vanquished

Notes
Turn   | Place    | Note
-------+----------+-------------------------------------------
     0 | D:1      | nightchill the Minotaur Fighter began the quest for the
                  | Orb.
     0 | D:1      | Reached XP level 1. HP: 19/19 MP: 0/0
   124 | D:1      | Reached skill level 3 in Axes
   176 | D:1      | Reached XP level 2. HP: 18/27 MP: 1/1
   937 | D:2      | Reached XP level 3. HP: 17/33 MP: 2/2
  1114 | D:2      | Found a faded altar of an unknown god.
  1289 | D:2      | Reached skill level 4 in Axes
  2338 | D:3      | Reached XP level 4. HP: 32/41 MP: 3/3
  2595 | D:3      | HP: 2/41 [adder (2)]
  2823 | D:3      | Found a glowing golden altar of the Shining One.
  2830 | D:3      | Became a worshipper of the Shining One
  2843 | D:3      | Reached skill level 5 in Axes
  2904 | D:3      | Found Bouhiyra's Distillery.
  2917 | D:3      | Found Nauschua's Weapon Shop.
  2943 | D:3      | Found Latifeg's Antique Armour Boutique.
  3100 | D:3      | Found a bloodstained altar of Trog.
  3340 | D:4      | Noticed a necrophage
  3353 | D:4      | Killed a necrophage
  3354 | D:4      | Reached skill level 5 in Fighting
  3354 | D:4      | Reached skill level 1 in Invocations
  3354 | D:4      | Reached XP level 5. HP: 35/48 MP: 4/4
  3447 | D:4      | Reached skill level 6 in Axes
  3673 | D:4      | Reached XP level 6. HP: 43/56 MP: 6/6
  3808 | D:4      | Found a broken altar of Ashenzari.
  3913 | D:4      | Noticed Menkaure
  3918 | D:4      | Killed Menkaure
  4099 | D:4      | Reached skill level 7 in Axes
  4483 | D:4      | Reached XP level 7. HP: 62/62 MP: 7/7
  4691 | D:4      | Found Pagut's Jewellery Shoppe.
  4757 | D:4      | Found a staircase to the Ecumenical Temple.
  4879 | D:5      | Entered Level 5 of the Dungeon
  5196 | D:5      | Reached skill level 8 in Axes
  5473 | D:5      | Found a runed translucent gate.
  5473 | D:5      | Found a runed translucent gate.
  5473 | D:5      | Found a runed translucent gate.
  5477 | D:5      | Noticed gargbit's ghost (amateur DsGl)
  5477 | D:5      | Noticed Sapher's ghost (amateur MeEE)
  5598 | D:5      | Reached * piety under the Shining One
  5599 | D:5      | Reached XP level 8. HP: 57/71 MP: 9/9
  5794 | D:5      | Reached skill level 9 in Axes
  6646 | D:6      | Reached skill level 10 in Axes
  6694 | D:6      | Found a runed translucent door.
  6694 | D:6      | Noticed gargbit's ghost (novice DsGl)
  6719 | D:6      | Reached skill level 5 in Invocations
  6974 | D:6      | Found an ornate altar of the Wu Jian Council.
  7116 | D:6      | Found an ancient bone altar of Kikubaaqudgha.
  7154 | D:6      | Reached XP level 9. HP: 63/81 MP: 11/11
  7502 | D:6      | Found a radiant altar of Vehumet.
  7505 | D:6      | Found a shimmering blue altar of Sif Muna.
  7507 | D:6      | Found a basalt altar of Yredelemnul.
  7525 | D:6      | Found a sacrificial altar of Ru.
  7528 | D:6      | Found a hide-covered altar of Uskayaw.
  7582 | D:6      | Found a shadowy altar of Dithmenos.
  7605 | D:6      | Found a sparkling altar of Nemelex Xobeh.
  7823 | D:6      | Killed gargbit's ghost
  7824 | D:6      | Reached skill level 11 in Axes
  8371 | D:7      | Identified the +3 leather armour of the Dolphin {Harm rPois
                  | rF- Int+10}
  8842 | D:7      | Identified the +3 scale mail of Benevolence {Rampage rPois
                  | rN+++ Str-4}
  8897 | D:7      | Found a snail-covered altar of Cheibriados.
  9153 | D:7      | Reached skill level 12 in Axes
  9345 | D:8      | Noticed Frank's ghost (novice OpFi)
  9386 | D:8      | Found a runed translucent door.
  9552 | D:8      | Found a staircase to the Lair.
  9553 | D:8      | Noticed an elephant
  9560 | D:8      | Reached XP level 10. HP: 67/91 MP: 14/14
  9587 | D:8      | Killed an elephant
  9729 | D:8      | Found an opulent altar of Gozag.
  9758 | D:8      | Reached skill level 13 in Axes
 10034 | D:9      | Reached skill level 10 in Fighting
 10325 | D:9      | Noticed an eight-headed hydra
 10325 | D:9      | Noticed an eight-headed hydra
 10325 | D:9      | Noticed a centaur warrior
 10325 | D:9      | Noticed a four-headed hydra
 10325 | D:9      | Reached ** piety under the Shining One
 10325 | D:9      | Noticed a red ugly thing
 10325 | D:9      | Noticed a centaur warrior
 10326 | D:9      | Noticed a fire dragon
 10326 | D:9      | Noticed a four-headed hydra
 10331 | D:9      | Slain by an eight-headed hydra

Illustrated notes

Levels and vault maps discovered:
D:1:      ldierk_walled_garden, layout_basic, bh_walls_and_bars
D:2:      layout_loops_corners, ebering_ecumenical_altar_mist, minivault_25
D:3:      layout_rooms, nicolae_tso_carved_into_rock, trog_three_pillars_becter,
          serial_shops, nicolae_shop_bloodbath_and_beyond, shop,
          nicolae_shop_advertising_works [nicolae_subvault_shop_adworks],
          kennysheep_crisscross
D:4:      layout_cave_pods, nicolae_ashenzari_skybound, temple_hall,
          serial_shops, nicolae_stop_n_shop_2, minmay_misc_feat_rows,
          uniq_menkaure
D:5:      layout_basic, gammafunk_ghost_cemetery, guppyfry_early_orc_mine
D:6:      layout_rooms, mainiacjoe_overflow_cross_hatched,
          amcnicky_altar_gilded, grunt_dithmenos_smoke,
          minmay_overflow_temple_star_hex, nicolae_overflow_crystal_walls,
          gammafunk_ghost_grave
D:7:      layout_loops_ring, slow_altar_1, minmay_misc_feat_square
D:8:      layout_basic, grunt_gozag_breadcrumbs, david_lair_generic,
          hellmonk_ghost_big_iron
D:9:      layout_basic, minivault_28

Skill      XL: |  1  2  3  4  5  6  7  8  9 10 |
---------------+-------------------------------+-----
Axes           | 3 4 5 6 7 8 10 12 13 | 13.4
Fighting       | 4 5 6 8 9 10 | 10.2
Invocations    | 1 2 3 5 6 7 |  7.4
Armour         | |  3.6
Shields        | |  3.6

Action                   |  1- 3 |  4- 6 |  7- 9 | 10-12 || total
-------------------------+-------+-------+-------+-------++-------
Melee: War axe           |    74 |   102 |   245 |    55 ||   476
       Headbutt          |     5 |     5 |    53 |    11 ||    74
Invok: Divine Shield     |       |       |     3 |     2 ||     5
  Use: Potion            |       |     2 |     1 |     1 ||     4
       Scroll            |       |       |     4 |       ||     4
Armor: Scale mail        |    22 |       |       |       ||    22
       Ring mail         |     4 |    33 |    87 |    33 ||   157
Dodge: Dodged            |    32 |    38 |    95 |    38 ||   203
Block: Buckler           |    17 |    28 |    69 |    17 ||   131
